Avalanche vs Canadiens
Created - March 22, 2022 at 19:29
Goals
|
| Avalanche |
2 |
1 |
4 |
7 |
| Canadiens |
1 |
2 |
0 |
3 |
|
Shots
|
| Avalanche |
11 |
12 |
13 |
36 |
| Canadiens |
8 |
10 |
9 |
27 |
|
1st period
1. Canadiens , Chad Larose 1 (Dave Bolland 8, Pierre-Marc Bouchard 6) at 9:12
2. Avalanche , Bryan Little 18 (Patric Hornqvist 26, Joel Edmundson 1) at 11:38
3. Avalanche , James Van Riemsdyk 10 (Joel Edmundson 2, Colten Teubert 5) at 16:22
Penalties :
No Penalty
2nd period
4. Canadiens , Evgeni Malkin 17 (Chris Kreider 30, Brian Dumoulin 8) at 0:12
5. Avalanche , Bryan Little 19 (Erik Karlsson 21, Mikkel Boedker 36) at 0:42 (PP)
6. Canadiens , Mika Zibanejad 19 (Chris Kreider 31, Phil Kessel 24) at 2:01 (PP)
Penalties :
Evgeni Malkin (Mon) for Tripping (Minor) at 0:29, Mikkel Boedker (Col) for Tripping (Minor) at 1:03, Phil Kessel (Mon) for Hooking (Minor) at 4:32, Pierre-Marc Bouchard (Mon) for Tripping (Minor) at 14:11
3rd period
7. Avalanche , James Van Riemsdyk 11 (Pavel Buchnevich 10, Mikkel Boedker 37) at 5:07
8. Avalanche , Bryan Little 20 (Mikkel Boedker 38) at 11:35 (PP)
9. Avalanche , Evgeny Dadonov 14 (Marc Staal 9, Charlie Coyle 22) at 16:43
10. Avalanche , Luke Witkowski 6 (Jonathan Marchessault 1, Pavel Buchnevich 11) at 19:57
Penalties :
Mikkel Boedker (Col) for Hooking (Minor) at 2:59, Bryan Little (Col) for Unsportsmanlike conduct (Minor) at 7:20, Daniel Carcillo (Mon) for Cross-checking (Minor) at 11:30
Goalie Stats
Cam Ward (Col), 24 saves from 27 shots - (0.889), W, 17-10-2, 60:00 minutes
Kristers Gudlevskis (Mon), 29 saves from 36 shots - (0.806), L, 21-12-4, 60:00 minutes
Players Stats for Avalanche
Player Name G A P +/- PIM S H SB GA TA FO MP PP MP PK MP
------------------------------------------------------------------------------------
Bryan Little 3 0 3 0 2 6 2 0 2 0 17/31 19:31 2:26 0:00
Charlie Coyle 0 1 1 2 0 1 0 0 0 0 9/14 18:51 0:57 3:30
Colten Teubert 0 1 1 2 0 1 0 0 0 0 0/0 14:08 1:54 0:00
Erik Karlsson 0 1 1 -1 0 1 0 2 1 0 0/0 19:54 2:45 0:00
Evgeny Dadonov 1 0 1 2 0 1 0 0 0 0 0/1 15:26 0:57 0:00
Jack Johnson 0 0 0 1 0 2 0 2 0 1 0/0 26:17 1:47 3:26
James Van Riemsdyk 2 0 2 3 0 4 7 0 1 0 0/0 16:06 0:57 0:27
Joel Edmundson 0 2 2 3 0 0 1 0 0 0 0/0 14:26 0:35 1:30
Jonathan Marchessault 0 1 1 0 0 3 2 0 0 0 0/0 8:25 0:15 0:00
Kyle Turris 0 0 0 0 0 1 0 0 1 0 2/5 11:58 0:00 0:59
Luke Witkowski 1 0 1 0 0 5 1 0 0 0 0/2 12:19 0:44 3:30
Marc Staal 0 1 1 1 0 2 2 4 2 1 0/0 24:36 0:00 3:26
Martin Samuelsson 0 0 0 0 0 1 1 0 0 0 0/0 9:38 0:34 0:59
Mattias Ekholm 0 0 0 0 0 0 0 3 1 1 0/0 20:39 1:31 1:30
Mikkel Boedker 0 3 3 1 4 1 2 0 1 0 1/2 19:39 2:26 0:00
Patric Hornqvist 0 1 1 0 0 4 0 1 1 0 2/3 19:28 2:22 0:00
Pavel Buchnevich 0 2 2 1 0 1 1 0 0 0 0/0 12:04 0:29 0:27
Tomas Fleischmann 0 0 0 0 0 2 0 0 0 1 0/0 11:36 0:41 0:00
Players Stats for Canadiens
Player Name G A P +/- PIM S H SB GA TA FO MP PP MP PK MP
------------------------------------------------------------------------------------
Brady Skjei 0 0 0 -2 0 1 0 3 1 0 0/0 25:39 2:21 0:00
Brian Dumoulin 0 1 1 0 0 2 0 0 0 2 0/0 23:25 2:35 0:29
Bryce Lampman 0 0 0 -1 0 0 0 1 0 0 0/0 11:18 0:00 2:29
Chad Larose 1 0 1 1 0 1 1 0 0 0 0/0 8:14 0:00 1:18
Chris Kreider 0 2 2 0 0 2 2 3 0 0 0/0 19:07 2:48 0:00
Daniel Carcillo 0 0 0 0 2 1 2 0 0 0 0/1 13:10 0:00 1:57
Dave Bolland 0 1 1 1 0 1 0 0 0 0 0/5 9:18 0:14 2:14
Evgeni Malkin 1 0 1 -1 2 5 3 1 1 0 12/18 19:26 2:08 0:34
Greg Stewart 0 0 0 -4 0 4 2 1 0 0 2/2 18:22 2:08 0:00
Jordan Szwarz 0 0 0 0 0 2 0 1 0 0 0/0 12:20 0:00 1:01
Mark Stuart 0 0 0 0 0 0 1 0 0 4 0/0 21:41 0:00 2:29
Mika Zibanejad 1 0 1 -3 0 2 0 0 2 1 9/21 18:55 2:34 0:27
Nick Spaling 0 0 0 0 0 1 1 0 0 0 2/6 12:20 0:00 1:01
Phil Kessel 0 1 1 0 2 1 1 0 0 0 1/4 19:12 2:48 0:00
Philip Larsen 0 0 0 -1 0 0 1 0 0 1 0/0 11:43 2:35 1:47
Pierre-Marc Bouchard 0 1 1 1 2 1 3 0 0 1 0/0 6:54 0:00 0:00
Steve Downie 0 0 0 -4 0 2 0 0 0 1 1/1 18:22 2:08 0:00
Travis Hamonic 0 0 0 -2 0 1 0 3 0 0 0/0 26:14 2:21 1:18
3 Stars
1 - James Van Riemsdyk (Col)
2 - Bryan Little (Col)
3 - Joel Edmundson (Col)
Power Play
Avalanche - 2 on 4 Attempt(s) - 50.00%
Canadiens - 1 on 3 Attempt(s) - 33.33%
Penalty Kill
Avalanche - 2 on 3 Attempt(s) - 66.67%
- Score 0 goal in Penalty Kill
Canadiens - 2 on 4 Attempt(s) - 50.00%
- Score 0 goal in Penalty Kill
Team Stat
Avalanche - Hits : 19 - Faceoff Wins : 31 - Blocked Shots : 12 - Penalty Minutes : 6
Canadiens - Hits : 17 - Faceoff Wins : 27 - Blocked Shots : 13 - Penalty Minutes : 8
Official
Referees : Brian Pochmara and Kendrick Nicholson
Linesman : Bevan Mills and Travis Toomey
Game Notes
Bryan Little has scored a Hat Trick!
Finance
Level 1 -- Attendance: 5537 (92.28%) -- Ticket Income $553,700
Level 2 -- Attendance: 4651 (93.02%) -- Ticket Income $279,060
Level 3 -- Attendance: 1820 (91.00%) -- Ticket Income $63,700
Level 4 -- Attendance: 4000 (100.00%) -- Ticket Income $100,000
Luxury Box -- Attendance: 1000 (100.00%) -- Ticket Income $200,000
Game was played at the Centre Bell.
Total Attendance: 17008 (94.49%)
Total Ticket Income: $1,196,460
Other Income: $179,469
Total Income: $1,375,929
Avalanche
5 vs 5 Forward
Center Left Wing Right Wing Time % Phy DF OF
1 Bryan Little Mikkel Boedker Patric Hornqvist 35 1 2 2
2 Charlie Coyle James Van Riemsdyk Evgeny Dadonov 30 1 2 2
3 Kyle Turris Tomas Fleischmann Pavel Buchnevich 20 1 2 2
4 Jonathan Marchessault Martin Samuelsson Luke Witkowski 15 1 2 2
5 vs 5 Defense
Defense Defense Time % Phy DF OF
1 Jack Johnson Marc Staal 40 1 2 2
2 Erik Karlsson Mattias Ekholm 35 1 2 2
3 Colten Teubert Joel Edmundson 25 1 2 2
4 Joel Edmundson Jack Johnson 0 1 2 2
PowerPlay Forward
Center Left Wing Right Wing Time % Phy DF OF
1 Bryan Little Mikkel Boedker Patric Hornqvist 60 1 2 2
2 Charlie Coyle James Van Riemsdyk Evgeny Dadonov 40 1 2 2
PowerPlay Defense
Defense Defense Time % Phy DF OF
1 Jack Johnson Erik Karlsson 60 1 2 2
2 Colten Teubert Mattias Ekholm 40 1 2 2
Penalty Kill 4 Players Forward
Center Wing Time % Phy DF OF
1 Charlie Coyle Luke Witkowski 60 1 2 2
2 Kyle Turris Martin Samuelsson 40 1 2 2
Penalty Kill 4 Players Defense
Defense Defense Time % Phy DF OF
1 Jack Johnson Marc Staal 60 1 2 2
2 Joel Edmundson Mattias Ekholm 40 1 2 2
Penalty Kill - 3 Players Forward
Forward Time % Phy DF OF
1 Mikkel Boedker 60 1 2 2
2 Patric Hornqvist 40 1 2 2
Penalty Kill - 3 Players Defense
Defense Defense Time % Phy DF OF
1 Jack Johnson Marc Staal 60 1 2 2
2 Erik Karlsson Mattias Ekholm 40 1 2 2
4 vs 4 Forward
Center Wing Time % Phy DF OF
1 Mikkel Boedker Patric Hornqvist 60 1 2 2
2 Bryan Little Charlie Coyle 40 1 2 2
4 vs 4 Defense
Defense Defense Time % Phy DF OF
1 Jack Johnson Marc Staal 60 1 2 2
2 Erik Karlsson Mattias Ekholm 40 1 2 2
Last Minutes Offensive
Center Left Wing Right Wing Defense Defense
Bryan Little Mikkel Boedker Patric Hornqvist Jack Johnson Marc Staal
Last Minutes Defensive
Center Left Wing Right Wing Defense Defense
Bryan Little Mikkel Boedker Patric Hornqvist Jack Johnson Marc Staal
Goaltenders
Starting : Cam Ward
Backup : Semyon Varlamov
Extra Forwards
Normal : Tomas Fleischmann, Luke Witkowski, Pavel Buchnevich - PP : Tomas Fleischmann, Luke Witkowski - PK : Pavel Buchnevich
Extra Defensemen
Normal : Colten Teubert, Marc Staal, Joel Edmundson - PP : Colten Teubert - PK : Marc Staal, Joel Edmundson
Penalty Shots
Mikkel Boedker, Patric Hornqvist, Bryan Little, Charlie Coyle, James Van Riemsdyk
Scratches
Vincent Trocheck (Bruised Right Foot Injury)
Canadiens
5 vs 5 Forward
Center Left Wing Right Wing Time % Phy DF OF
1 Evgeni Malkin Chris Kreider Phil Kessel 40 0 1 4
2 Mika Zibanejad Greg Stewart Steve Downie 40 0 1 4
3 Nick Spaling Daniel Carcillo Jordan Szwarz 15 0 2 3
4 Dave Bolland Chad Larose Pierre-Marc Bouchard 5 0 3 2
5 vs 5 Defense
Defense Defense Time % Phy DF OF
1 Travis Hamonic Brady Skjei 40 0 2 3
2 Brian Dumoulin Mark Stuart 40 0 3 2
3 Philip Larsen Bryce Lampman 10 0 3 2
4 Travis Hamonic Brady Skjei 10 0 2 3
PowerPlay Forward
Center Left Wing Right Wing Time % Phy DF OF
1 Mika Zibanejad Chris Kreider Phil Kessel 50 0 1 4
2 Evgeni Malkin Greg Stewart Steve Downie 50 0 1 4
PowerPlay Defense
Defense Defense Time % Phy DF OF
1 Travis Hamonic Brady Skjei 50 0 1 4
2 Philip Larsen Brian Dumoulin 50 0 1 4
Penalty Kill 4 Players Forward
Center Wing Time % Phy DF OF
1 Dave Bolland Daniel Carcillo 60 0 3 2
2 Nick Spaling Jordan Szwarz 40 0 3 2
Penalty Kill 4 Players Defense
Defense Defense Time % Phy DF OF
1 Bryce Lampman Mark Stuart 60 0 3 2
2 Philip Larsen Travis Hamonic 40 0 3 2
Penalty Kill - 3 Players Forward
Forward Time % Phy DF OF
1 Dave Bolland 60 1 4 0
2 Nick Spaling 40 0 4 1
Penalty Kill - 3 Players Defense
Defense Defense Time % Phy DF OF
1 Travis Hamonic Mark Stuart 60 0 4 1
2 Bryce Lampman Brian Dumoulin 40 0 4 1
4 vs 4 Forward
Center Wing Time % Phy DF OF
1 Evgeni Malkin Chris Kreider 60 0 2 3
2 Mika Zibanejad Phil Kessel 40 0 2 3
4 vs 4 Defense
Defense Defense Time % Phy DF OF
1 Travis Hamonic Brady Skjei 60 0 2 3
2 Brian Dumoulin Mark Stuart 40 0 2 3
Last Minutes Offensive
Center Left Wing Right Wing Defense Defense
Evgeni Malkin Chris Kreider Phil Kessel Travis Hamonic Brady Skjei
Last Minutes Defensive
Center Left Wing Right Wing Defense Defense
Evgeni Malkin Chris Kreider Phil Kessel Travis Hamonic Brady Skjei
Goaltenders
Starting : Kristers Gudlevskis
Backup : Allen York
Extra Forwards
Normal : Chris Kreider, Phil Kessel, Evgeni Malkin - PP : Chris Kreider, Mika Zibanejad - PK : Daniel Carcillo
Extra Defensemen
Normal : Brady Skjei, Travis Hamonic, Brian Dumoulin - PP : Brady Skjei - PK : Travis Hamonic, Mark Stuart
Penalty Shots
Evgeni Malkin, Chris Kreider, Phil Kessel, Mika Zibanejad, Greg Stewart
Scratches
None
% Time on Ice - Avalanche
Lines # - Real PCT - Wanted PCT - Time Play
Normal Forward
1 - 34% - 35% - 17:18
2 - 28% - 30% - 14:24
3 - 22% - 20% - 10:59
4 - 16% - 15% - 8:07
Normal Defense
1 - 41% - 40% - 20:58
2 - 35% - 35% - 17:38
3 - 23% - 25% - 11:50
4 - 1% - 0% - 0:22
PP Forward
1 - 78% - 60% - 3:19
2 - 22% - 40% - 0:57
PP Defense
1 - 64% - 60% - 2:45
2 - 36% - 40% - 1:31
PK Forward
1 - 80% - 60% - 3:57
2 - 20% - 40% - 0:59
PK Defense
1 - 70% - 60% - 3:26
2 - 30% - 40% - 1:30
PK3 Forward
1 - 0% - 60%
2 - 0% - 40%
PK3 Defense
1 - 0% - 60%
2 - 0% - 40%
44 Forward
1 - 0% - 60%
2 - 0% - 40%
44 Defense
1 - 0% - 60%
2 - 0% - 40%
Last Minute Offensive - 0:00
Last Minute Defensive - 0:00
Total
Forward - 60:00
Defense - 60:00
|
% Time on Ice - Canadiens
Lines # - Real PCT - Wanted PCT - Time Play
Normal Forward
1 - 32% - 40% - 16:25
2 - 32% - 40% - 16:19
3 - 22% - 15% - 11:14
4 - 13% - 5% - 6:50
Normal Defense
1 - 39% - 40% - 19:50
2 - 39% - 40% - 19:42
3 - 16% - 10% - 8:20
4 - 6% - 10% - 2:56
PP Forward
1 - 57% - 50% - 2:48
2 - 43% - 50% - 2:08
PP Defense
1 - 48% - 50% - 2:21
2 - 52% - 50% - 2:35
PK Forward
1 - 76% - 60% - 3:15
2 - 24% - 40% - 1:01
PK Defense
1 - 58% - 60% - 2:29
2 - 42% - 40% - 1:47
PK3 Forward
1 - 0% - 60%
2 - 0% - 40%
PK3 Defense
1 - 0% - 60%
2 - 0% - 40%
44 Forward
1 - 0% - 60%
2 - 0% - 40%
44 Defense
1 - 0% - 60%
2 - 0% - 40%
Last Minute Offensive - 0:00
Last Minute Defensive - 0:00
Total
Forward - 60:00
Defense - 60:00
|
Play-by-Play
1st period
0:01 of 1st period - Evgeni Malkin wins face-off versus Bryan Little in neutral zone.
0:36 of 1st period - Wrist shot by Charlie Coyle.
0:36 of 1st period - Shot Blocked by Greg Stewart.
0:38 of 1st period - Wrist shot by Charlie Coyle.
0:38 of 1st period - Deflect By James Van Riemsdyk.
0:38 of 1st period - Stopped by Kristers Gudlevskis with a rebound.
1:03 of 1st period - Travis Hamonic is hit by Pavel Buchnevich.
1:56 of 1st period - Snap shot by James Van Riemsdyk.
1:56 of 1st period - Stopped by Kristers Gudlevskis with a rebound.
2:44 of 1st period - Phil Kessel is hit by Joel Edmundson and loses puck.
3:22 of 1st period - Slapshot by Steve Downie.
3:22 of 1st period - Shot Misses the Net.
3:42 of 1st period - Snap shot by Jonathan Marchessault.
3:42 of 1st period - Deflect By Luke Witkowski.
3:42 of 1st period - Stopped by Kristers Gudlevskis without a rebound.
3:43 of 1st period - Evgeni Malkin wins face-off versus Bryan Little in Canadiens zone.
3:56 of 1st period - Travis Hamonic is hit by Mikkel Boedker and loses puck.
4:09 of 1st period - James Van Riemsdyk is hit by Greg Stewart and loses puck.
4:30 of 1st period - Snap shot by Charlie Coyle.
4:30 of 1st period - Shot Misses the Net.
4:32 of 1st period - Slapshot by Pavel Buchnevich.
4:32 of 1st period - Shot Misses the Net.
4:59 of 1st period - Off-side.
5:00 of 1st period - Bryan Little wins face-off versus Phil Kessel in neutral zone.
5:03 of 1st period - Brian Dumoulin is hit by Mikkel Boedker and loses puck.
5:10 of 1st period - Snap shot by Patric Hornqvist.
5:10 of 1st period - Stopped by Kristers Gudlevskis without a rebound.
5:11 of 1st period - Greg Stewart wins face-off versus Patric Hornqvist in Canadiens zone.
5:38 of 1st period - Phil Kessel is hit by James Van Riemsdyk and loses puck.
6:01 of 1st period - Wrist shot by Dave Bolland.
6:01 of 1st period - Stopped by Cam Ward with a rebound.
6:03 of 1st period - Slapshot by Pierre-Marc Bouchard.
6:03 of 1st period - Shot Blocked by Mattias Ekholm.
6:11 of 1st period - Snap shot by Dave Bolland.
6:11 of 1st period - Shot Blocked by Erik Karlsson.
6:39 of 1st period - Mark Stuart is hit by James Van Riemsdyk and loses puck.
7:02 of 1st period - Snap shot by Chris Kreider.
7:02 of 1st period - Shot Misses the Net.
7:04 of 1st period - Snap shot by Philip Larsen.
7:04 of 1st period - Shot Blocked by Mattias Ekholm.
7:06 of 1st period - Wrist shot by Evgeni Malkin.
7:06 of 1st period - Shot Blocked by Erik Karlsson.
7:08 of 1st period - Wrist shot by Chris Kreider.
7:08 of 1st period - Stopped by Cam Ward without a rebound.
7:09 of 1st period - Mika Zibanejad wins face-off versus Bryan Little in Avalanche zone.
7:12 of 1st period - Snap shot by Steve Downie.
7:12 of 1st period - Stopped by Cam Ward with a rebound.
7:36 of 1st period - Chris Kreider is hit by Jonathan Marchessault.
7:40 of 1st period - Snap shot by Evgeni Malkin.
7:40 of 1st period - Stopped by Cam Ward with a rebound.
7:56 of 1st period - Wrist shot by Marc Staal.
7:56 of 1st period - Shot Blocked by Bryce Lampman.
7:58 of 1st period - Snap shot by Jack Johnson.
7:58 of 1st period - Stopped by Kristers Gudlevskis without a rebound.
7:59 of 1st period - Nick Spaling wins face-off versus Kyle Turris in Canadiens zone.
8:08 of 1st period - Slapshot by Kyle Turris.
8:08 of 1st period - Deflect By Pavel Buchnevich.
8:08 of 1st period - Shot Misses the Net.
8:08 of 1st period - Puck is out of play.
8:09 of 1st period - Mika Zibanejad wins face-off versus Bryan Little in Canadiens zone.
8:50 of 1st period - Snap shot by Evgeni Malkin.
8:50 of 1st period - Shot Blocked by Marc Staal.
9:02 of 1st period - Wrist shot by Chad Larose.
9:02 of 1st period - Shot Misses the Net.
9:12 of 1st period - Snap shot by Chad Larose.
9:12 of 1st period - Goal by Chad Larose - Avalanche : 0 - Canadiens : 1.
9:13 of 1st period - Bryan Little wins face-off versus Mika Zibanejad in neutral zone.
10:32 of 1st period - Wrist shot by Greg Stewart.
10:32 of 1st period - Shot Blocked by Marc Staal.
11:03 of 1st period - Mikkel Boedker is hit by Pierre-Marc Bouchard and loses puck.
11:14 of 1st period - Snap shot by Patric Hornqvist.
11:14 of 1st period - Stopped by Kristers Gudlevskis without a rebound.
11:15 of 1st period - Evgeni Malkin wins face-off versus Charlie Coyle in Canadiens zone.
11:30 of 1st period - Wrist shot by Evgeni Malkin.
11:30 of 1st period - Stopped by Cam Ward without a rebound.
11:31 of 1st period - Mika Zibanejad wins face-off versus Mikkel Boedker in Avalanche zone.
11:32 of 1st period - Wrist shot by Steve Downie.
11:32 of 1st period - Shot Misses the Net.
11:38 of 1st period - Snap shot by Bryan Little.
11:38 of 1st period - Goal by Bryan Little - Avalanche : 1 - Canadiens : 1.
11:39 of 1st period - Bryan Little wins face-off versus Phil Kessel in neutral zone.
12:06 of 1st period - Brady Skjei is hit by Luke Witkowski and loses puck.
12:17 of 1st period - Wrist shot by Phil Kessel.
12:17 of 1st period - Stopped by Cam Ward without a rebound.
12:18 of 1st period - Mikkel Boedker wins face-off versus Mika Zibanejad in Avalanche zone.
13:30 of 1st period - Snap shot by Evgeni Malkin.
13:30 of 1st period - Stopped by Cam Ward without a rebound.
13:31 of 1st period - Bryan Little wins face-off versus Phil Kessel in Avalanche zone.
14:05 of 1st period - Snap shot by Patric Hornqvist.
14:05 of 1st period - Shot Blocked by Chris Kreider.
14:07 of 1st period - Slapshot by Bryan Little.
14:07 of 1st period - Shot Misses the Net.
14:09 of 1st period - Snap shot by Bryan Little.
14:09 of 1st period - Deflect By Patric Hornqvist.
14:09 of 1st period - Shot Misses the Net.
14:09 of 1st period - Puck is out of play.
14:10 of 1st period - Mika Zibanejad wins face-off versus Evgeny Dadonov in Canadiens zone.
14:17 of 1st period - Wrist shot by Charlie Coyle.
14:17 of 1st period - Shot Blocked by Travis Hamonic.
14:19 of 1st period - Slapshot by Joel Edmundson.
14:19 of 1st period - Deflect By Charlie Coyle.
14:19 of 1st period - Shot Misses the Net.
14:19 of 1st period - Puck is out of play.
14:20 of 1st period - Mika Zibanejad wins face-off versus Charlie Coyle in Canadiens zone.
14:43 of 1st period - Snap shot by James Van Riemsdyk.
14:43 of 1st period - Shot Blocked by Brady Skjei.
16:22 of 1st period - Slapshot by James Van Riemsdyk.
16:22 of 1st period - Goal by James Van Riemsdyk - Avalanche : 2 - Canadiens : 1.
16:23 of 1st period - Evgeni Malkin wins face-off versus Bryan Little in neutral zone.
16:31 of 1st period - Brian Dumoulin is hit by Marc Staal.
18:28 of 1st period - Icing by Mark Stuart.
18:29 of 1st period - Nick Spaling wins face-off versus Kyle Turris in Canadiens zone.
18:34 of 1st period - Slapshot by Daniel Carcillo.
18:34 of 1st period - Deflect By Nick Spaling.
18:34 of 1st period - Shot Misses the Net.
18:34 of 1st period - Puck is out of play.
18:35 of 1st period - Kyle Turris wins face-off versus Nick Spaling in Avalanche zone.
18:44 of 1st period - Snap shot by Kyle Turris.
18:44 of 1st period - Shot Misses the Net.
18:48 of 1st period - Slapshot by Pavel Buchnevich.
18:48 of 1st period - Stopped by Kristers Gudlevskis without a rebound.
18:49 of 1st period - Evgeni Malkin wins face-off versus Bryan Little in Canadiens zone.
19:16 of 1st period - Greg Stewart is hit by Marc Staal and loses puck.
19:25 of 1st period - Snap shot by Mika Zibanejad.
19:25 of 1st period - Shot Blocked by Jack Johnson.
19:27 of 1st period - Slapshot by Travis Hamonic.
19:27 of 1st period - Shot Blocked by Jack Johnson.
19:45 of 1st period - Slapshot by Jack Johnson.
19:45 of 1st period - Shot Misses the Net.
19:47 of 1st period - Backhand shot by Jack Johnson.
19:47 of 1st period - Stopped by Kristers Gudlevskis with a rebound.
19:49 of 1st period - Snap shot by Luke Witkowski.
19:49 of 1st period - Stopped by Kristers Gudlevskis without a rebound.
19:50 of 1st period - Evgeni Malkin wins face-off versus Bryan Little in Canadiens zone.
19:55 of 1st period - Mikkel Boedker is hit by Evgeni Malkin and loses puck.
Goals for this period are 2 for Avalanche vs 1 for Canadiens.
Shots for this period are 11 for Avalanche vs 8 for Canadiens.
2nd period
0:01 of 2nd period - Evgeni Malkin wins face-off versus Bryan Little in neutral zone.
0:12 of 2nd period - Wrist shot by Chris Kreider.
0:12 of 2nd period - Deflect By Evgeni Malkin.
0:12 of 2nd period - Goal by Evgeni Malkin - Avalanche : 2 - Canadiens : 2.
0:13 of 2nd period - Bryan Little wins face-off versus Evgeni Malkin in neutral zone.
0:29 of 2nd period - Minor Penalty to Evgeni Malkin for Tripping.
0:30 of 2nd period - Bryan Little wins face-off versus Dave Bolland in Canadiens zone.
0:38 of 2nd period - Wrist shot by Patric Hornqvist.
0:38 of 2nd period - Deflect By Mikkel Boedker.
0:38 of 2nd period - Stopped by Kristers Gudlevskis with a rebound.
0:40 of 2nd period - Snap shot by Erik Karlsson.
0:40 of 2nd period - Stopped by Kristers Gudlevskis with a rebound.
0:42 of 2nd period - Snap shot by Bryan Little.
0:42 of 2nd period - Goal by Bryan Little - Avalanche : 3 - Canadiens : 2.
0:43 of 2nd period - Mika Zibanejad wins face-off versus Bryan Little in neutral zone.
0:54 of 2nd period - Snap shot by Mika Zibanejad.
0:54 of 2nd period - Shot Misses the Net.
1:03 of 2nd period - Minor Penalty to Mikkel Boedker for Tripping.
1:04 of 2nd period - Charlie Coyle wins face-off versus Mika Zibanejad in Avalanche zone.
1:14 of 2nd period - Slapshot by Charlie Coyle.
1:14 of 2nd period - Shot Blocked by Brady Skjei.
1:17 of 2nd period - Icing by Travis Hamonic.
1:18 of 2nd period - Mika Zibanejad wins face-off versus Charlie Coyle in Canadiens zone.
1:35 of 2nd period - Slapshot by Brady Skjei.
1:35 of 2nd period - Stopped by Cam Ward with a rebound.
1:59 of 2nd period - Slapshot by Chris Kreider.
1:59 of 2nd period - Shot Misses the Net.
2:01 of 2nd period - Slapshot by Mika Zibanejad.
2:01 of 2nd period - Goal by Mika Zibanejad - Avalanche : 3 - Canadiens : 3.
2:02 of 2nd period - Bryan Little wins face-off versus Nick Spaling in neutral zone.
2:09 of 2nd period - Wrist shot by Bryan Little.
2:09 of 2nd period - Stopped by Kristers Gudlevskis without a rebound.
2:10 of 2nd period - Bryan Little wins face-off versus Nick Spaling in Canadiens zone.
2:34 of 2nd period - Slapshot by Nick Spaling.
2:34 of 2nd period - Stopped by Cam Ward without a rebound.
2:35 of 2nd period - Charlie Coyle wins face-off versus Evgeni Malkin in Avalanche zone.
2:35 of 2nd period - Charlie Coyle is hit by Chris Kreider.
2:59 of 2nd period - Brady Skjei is hit by James Van Riemsdyk and loses puck.
3:08 of 2nd period - Wrist shot by Charlie Coyle.
3:08 of 2nd period - Stopped by Kristers Gudlevskis with a rebound.
3:16 of 2nd period - Snap shot by James Van Riemsdyk.
3:16 of 2nd period - Shot Blocked by Chris Kreider.
3:48 of 2nd period - Chris Kreider is hit by James Van Riemsdyk and loses puck.
4:10 of 2nd period - Slapshot by Travis Hamonic.
4:10 of 2nd period - Shot Misses the Net.
4:12 of 2nd period - Backhand shot by Travis Hamonic.
4:12 of 2nd period - Shot Misses the Net.
4:14 of 2nd period - Backhand shot by Phil Kessel.
4:14 of 2nd period - Shot Misses the Net.
4:30 of 2nd period - Wrist shot by Charlie Coyle.
4:30 of 2nd period - Shot Blocked by Brady Skjei.
4:32 of 2nd period - Minor Penalty to Phil Kessel for Hooking.
4:33 of 2nd period - Bryan Little wins face-off versus Dave Bolland in Canadiens zone.
6:32 of 2nd period - Penalty to Phil Kessel is over, Phil Kessel is back on ice.
8:52 of 2nd period - Mattias Ekholm is hit by Daniel Carcillo and loses puck.
8:59 of 2nd period - Brady Skjei is hit by Martin Samuelsson and loses puck.
9:51 of 2nd period - Slapshot by Jordan Szwarz.
9:51 of 2nd period - Stopped by Cam Ward with a rebound.
10:11 of 2nd period - Backhand shot by Daniel Carcillo.
10:11 of 2nd period - Stopped by Cam Ward with a rebound.
10:25 of 2nd period - Snap shot by Jonathan Marchessault.
10:25 of 2nd period - Stopped by Kristers Gudlevskis with a rebound.
10:27 of 2nd period - Snap shot by Martin Samuelsson.
10:27 of 2nd period - Stopped by Kristers Gudlevskis with a rebound.
10:31 of 2nd period - Snap shot by Jonathan Marchessault.
10:31 of 2nd period - Deflect By Luke Witkowski.
10:31 of 2nd period - Stopped by Kristers Gudlevskis with a rebound.
10:33 of 2nd period - Slapshot by Colten Teubert.
10:33 of 2nd period - Stopped by Kristers Gudlevskis with a rebound.
10:47 of 2nd period - Wrist shot by Jonathan Marchessault.
10:47 of 2nd period - Shot Blocked by Jordan Szwarz.
10:49 of 2nd period - Wrist shot by Luke Witkowski.
10:49 of 2nd period - Stopped by Kristers Gudlevskis with a rebound.
10:51 of 2nd period - Wrist shot by Jonathan Marchessault.
10:51 of 2nd period - Shot Misses the Net.
10:53 of 2nd period - Snap shot by Jonathan Marchessault.
10:53 of 2nd period - Stopped by Kristers Gudlevskis without a rebound.
10:54 of 2nd period - Bryan Little wins face-off versus Mika Zibanejad in Canadiens zone.
11:21 of 2nd period - Erik Karlsson is hit by Chris Kreider and loses puck.
11:34 of 2nd period - Kyle Turris is hit by Phil Kessel.
11:45 of 2nd period - Icing by Mark Stuart.
11:46 of 2nd period - Charlie Coyle wins face-off versus Dave Bolland in Canadiens zone.
12:16 of 2nd period - Snap shot by Chris Kreider.
12:16 of 2nd period - Shot Blocked by Marc Staal.
12:22 of 2nd period - Snap shot by Evgeni Malkin.
12:22 of 2nd period - Stopped by Cam Ward with a rebound.
12:24 of 2nd period - Snap shot by Chris Kreider.
12:24 of 2nd period - Shot Hit the Post.
13:24 of 2nd period - Wrist shot by Chris Kreider.
13:24 of 2nd period - Stopped by Cam Ward with a rebound.
13:59 of 2nd period - Snap shot by Dave Bolland.
13:59 of 2nd period - Shot Misses the Net.
14:01 of 2nd period - Snap shot by Pierre-Marc Bouchard.
14:01 of 2nd period - Stopped by Cam Ward without a rebound.
14:02 of 2nd period - Bryan Little wins face-off versus Dave Bolland in Avalanche zone.
14:02 of 2nd period - Bryan Little is hit by Pierre-Marc Bouchard.
14:11 of 2nd period - Minor Penalty to Pierre-Marc Bouchard for Tripping.
14:12 of 2nd period - Patric Hornqvist wins face-off versus Daniel Carcillo in Canadiens zone.
16:11 of 2nd period - Penalty to Pierre-Marc Bouchard is over, Pierre-Marc Bouchard is back on ice.
16:15 of 2nd period - Off-side.
16:16 of 2nd period - Greg Stewart wins face-off versus Kyle Turris in neutral zone.
16:27 of 2nd period - Snap shot by Steve Downie.
16:27 of 2nd period - Shot Misses the Net.
16:29 of 2nd period - Wrist shot by Travis Hamonic.
16:29 of 2nd period - Shot Misses the Net.
16:31 of 2nd period - Slapshot by Mika Zibanejad.
16:31 of 2nd period - Shot Misses the Net.
16:33 of 2nd period - Snap shot by Greg Stewart.
16:33 of 2nd period - Stopped by Cam Ward without a rebound.
16:34 of 2nd period - Evgeni Malkin wins face-off versus Bryan Little in Avalanche zone.
16:51 of 2nd period - Snap shot by Patric Hornqvist.
16:51 of 2nd period - Shot Misses the Net.
17:52 of 2nd period - Snap shot by Bryan Little.
17:52 of 2nd period - Stopped by Kristers Gudlevskis with a rebound.
19:05 of 2nd period - Off-side.
19:06 of 2nd period - Bryan Little wins face-off versus Evgeni Malkin in neutral zone.
Goals for this period are 1 for Avalanche vs 2 for Canadiens.
Shots for this period are 12 for Avalanche vs 10 for Canadiens.
3rd period
0:01 of 3rd period - Bryan Little wins face-off versus Mika Zibanejad in neutral zone.
1:18 of 3rd period - Martin Samuelsson is hit by Chad Larose and loses puck.
1:39 of 3rd period - Snap shot by Mikkel Boedker.
1:39 of 3rd period - Shot Misses the Net.
1:41 of 3rd period - Wrist shot by Patric Hornqvist.
1:41 of 3rd period - Stopped by Kristers Gudlevskis with a rebound.
2:01 of 3rd period - Chris Kreider is hit by James Van Riemsdyk and loses puck.
2:31 of 3rd period - Kyle Turris is hit by Daniel Carcillo and loses puck.
2:38 of 3rd period - Wrist shot by Daniel Carcillo.
2:38 of 3rd period - Deflect By Nick Spaling.
2:38 of 3rd period - Shot Misses the Net.
2:38 of 3rd period - Puck is out of play.
2:39 of 3rd period - Mika Zibanejad wins face-off versus Bryan Little in Avalanche zone.
2:52 of 3rd period - Wrist shot by Greg Stewart.
2:52 of 3rd period - Stopped by Cam Ward with a rebound.
2:59 of 3rd period - Minor Penalty to Mikkel Boedker for Hooking.
3:00 of 3rd period - Evgeni Malkin wins face-off versus Charlie Coyle in Avalanche zone.
3:02 of 3rd period - Snap shot by Steve Downie.
3:02 of 3rd period - Stopped by Cam Ward without a rebound.
3:03 of 3rd period - Evgeni Malkin wins face-off versus Charlie Coyle in Avalanche zone.
3:12 of 3rd period - Snap shot by Greg Stewart.
3:12 of 3rd period - Shot Misses the Net.
3:14 of 3rd period - Snap shot by Greg Stewart.
3:14 of 3rd period - Stopped by Cam Ward without a rebound.
3:15 of 3rd period - Charlie Coyle wins face-off versus Evgeni Malkin in Avalanche zone.
3:28 of 3rd period - Snap shot by Greg Stewart.
3:28 of 3rd period - Shot Misses the Net.
3:30 of 3rd period - Slapshot by Brian Dumoulin.
3:30 of 3rd period - Stopped by Cam Ward with a rebound.
3:32 of 3rd period - Wrist shot by Evgeni Malkin.
3:32 of 3rd period - Deflect By Greg Stewart.
3:32 of 3rd period - Stopped by Cam Ward without a rebound.
3:33 of 3rd period - Phil Kessel wins face-off versus Luke Witkowski in Avalanche zone.
3:38 of 3rd period - Slapshot by Mika Zibanejad.
3:38 of 3rd period - Shot Blocked by Marc Staal.
3:40 of 3rd period - Slapshot by Travis Hamonic.
3:40 of 3rd period - Stopped by Cam Ward with a rebound.
3:50 of 3rd period - Snap shot by Mika Zibanejad.
3:50 of 3rd period - Stopped by Cam Ward without a rebound.
3:51 of 3rd period - Steve Downie wins face-off versus Luke Witkowski in Avalanche zone.
4:52 of 3rd period - Travis Hamonic is hit by James Van Riemsdyk and loses puck.
4:59 of 3rd period - Penalty to Mikkel Boedker is over, Mikkel Boedker is back on ice.
5:03 of 3rd period - Slapshot by Pavel Buchnevich.
5:03 of 3rd period - Shot Misses the Net.
5:05 of 3rd period - Wrist shot by Pavel Buchnevich.
5:05 of 3rd period - Shot Misses the Net.
5:07 of 3rd period - Wrist shot by James Van Riemsdyk.
5:07 of 3rd period - Goal by James Van Riemsdyk - Avalanche : 4 - Canadiens : 3.
5:08 of 3rd period - Patric Hornqvist wins face-off versus Evgeni Malkin in neutral zone.
5:15 of 3rd period - Snap shot by Bryan Little.
5:15 of 3rd period - Stopped by Kristers Gudlevskis with a rebound.
6:33 of 3rd period - Wrist shot by Jonathan Marchessault.
6:33 of 3rd period - Stopped by Kristers Gudlevskis without a rebound.
6:34 of 3rd period - Bryan Little wins face-off versus Mika Zibanejad in Canadiens zone.
6:43 of 3rd period - Wrist shot by Bryan Little.
6:43 of 3rd period - Deflect By Patric Hornqvist.
6:43 of 3rd period - Shot Blocked by Travis Hamonic.
6:43 of 3rd period - Puck is out of play.
6:44 of 3rd period - Bryan Little wins face-off versus Mika Zibanejad in Canadiens zone.
6:59 of 3rd period - Slapshot by Bryan Little.
6:59 of 3rd period - Shot Blocked by Travis Hamonic.
7:01 of 3rd period - Wrist shot by Mikkel Boedker.
7:01 of 3rd period - Shot Misses the Net.
7:20 of 3rd period - Minor Penalty to Bryan Little for Unsportsmanlike conduct.
7:21 of 3rd period - Charlie Coyle wins face-off versus Mika Zibanejad in Avalanche zone.
7:47 of 3rd period - Luke Witkowski is hit by Philip Larsen and loses puck.
9:20 of 3rd period - Penalty to Bryan Little is over, Bryan Little is back on ice.
9:32 of 3rd period - Mikkel Boedker is hit by Evgeni Malkin and loses puck.
10:12 of 3rd period - Evgeny Dadonov is hit by Pierre-Marc Bouchard.
10:29 of 3rd period - Bryce Lampman is hit by Bryan Little and loses puck.
10:50 of 3rd period - Snap shot by Kyle Turris.
10:50 of 3rd period - Stopped by Kristers Gudlevskis with a rebound.
10:52 of 3rd period - Slapshot by Jack Johnson.
10:52 of 3rd period - Shot Misses the Net.
11:30 of 3rd period - Minor Penalty to Daniel Carcillo for Cross-checking.
11:31 of 3rd period - Bryan Little wins face-off versus Dave Bolland in Canadiens zone.
11:35 of 3rd period - Wrist shot by Bryan Little.
11:35 of 3rd period - Goal by Bryan Little - Avalanche : 5 - Canadiens : 3.
11:36 of 3rd period - Mika Zibanejad wins face-off versus Bryan Little in neutral zone.
12:30 of 3rd period - Kyle Turris is hit by Nick Spaling and loses puck.
12:41 of 3rd period - Pavel Buchnevich is hit by Mark Stuart and loses puck.
13:02 of 3rd period - Brady Skjei is hit by Jonathan Marchessault.
13:24 of 3rd period - Slapshot by Colten Teubert.
13:24 of 3rd period - Shot Blocked by Chris Kreider.
13:26 of 3rd period - Snap shot by Bryan Little.
13:26 of 3rd period - Shot Blocked by Evgeni Malkin.
13:28 of 3rd period - Snap shot by Patric Hornqvist.
13:28 of 3rd period - Shot Misses the Net.
13:30 of 3rd period - Snap shot by Patric Hornqvist.
13:30 of 3rd period - Stopped by Kristers Gudlevskis without a rebound.
13:31 of 3rd period - Charlie Coyle wins face-off versus Evgeni Malkin in Canadiens zone.
13:58 of 3rd period - Greg Stewart is hit by Bryan Little and loses puck.
14:19 of 3rd period - Slapshot by Erik Karlsson.
14:19 of 3rd period - Shot Misses the Net.
14:21 of 3rd period - Slapshot by Erik Karlsson.
14:21 of 3rd period - Deflect By Tomas Fleischmann.
14:21 of 3rd period - Stopped by Kristers Gudlevskis without a rebound.
14:22 of 3rd period - Kyle Turris wins face-off versus Nick Spaling in Canadiens zone.
14:47 of 3rd period - Slapshot by Nick Spaling.
14:47 of 3rd period - Deflect By Jordan Szwarz.
14:47 of 3rd period - Stopped by Cam Ward with a rebound.
14:49 of 3rd period - Slapshot by Jordan Szwarz.
14:49 of 3rd period - Shot Hit the Post.
14:51 of 3rd period - Slapshot by Mark Stuart.
14:51 of 3rd period - Deflect By Nick Spaling.
14:51 of 3rd period - Shot Misses the Net.
14:51 of 3rd period - Puck is out of play.
14:52 of 3rd period - Charlie Coyle wins face-off versus Mika Zibanejad in Avalanche zone.
15:21 of 3rd period - Snap shot by Mika Zibanejad.
15:21 of 3rd period - Shot Blocked by Patric Hornqvist.
15:23 of 3rd period - Wrist shot by Evgeni Malkin.
15:23 of 3rd period - Shot Blocked by Mattias Ekholm.
16:37 of 3rd period - Wrist shot by Evgeny Dadonov.
16:37 of 3rd period - Shot Misses the Net.
16:39 of 3rd period - Slapshot by Marc Staal.
16:39 of 3rd period - Stopped by Kristers Gudlevskis with a rebound.
16:41 of 3rd period - Slapshot by Marc Staal.
16:41 of 3rd period - Stopped by Kristers Gudlevskis with a rebound.
16:43 of 3rd period - Wrist shot by Evgeny Dadonov.
16:43 of 3rd period - Goal by Evgeny Dadonov - Avalanche : 6 - Canadiens : 3.
16:44 of 3rd period - Evgeni Malkin wins face-off versus Bryan Little in neutral zone.
17:10 of 3rd period - Icing by Marc Staal.
17:11 of 3rd period - Charlie Coyle wins face-off versus Mika Zibanejad in Avalanche zone.
17:11 of 3rd period - Charlie Coyle is hit by Greg Stewart.
17:37 of 3rd period - Patric Hornqvist is hit by Evgeni Malkin and loses puck.
18:12 of 3rd period - Wrist shot by Pavel Buchnevich.
18:12 of 3rd period - Deflect By Tomas Fleischmann.
18:12 of 3rd period - Stopped by Kristers Gudlevskis without a rebound.
18:13 of 3rd period - Charlie Coyle wins face-off versus Mika Zibanejad in Canadiens zone.
18:50 of 3rd period - Slapshot by Brian Dumoulin.
18:50 of 3rd period - Stopped by Cam Ward without a rebound.
18:51 of 3rd period - Evgeni Malkin wins face-off versus Bryan Little in Avalanche zone.
19:16 of 3rd period - Mika Zibanejad is hit by James Van Riemsdyk and loses puck.
19:57 of 3rd period - Slapshot by Luke Witkowski.
19:57 of 3rd period - Deflect By Evgeni Malkin.
19:57 of 3rd period - Goal by Luke Witkowski - Avalanche : 7 - Canadiens : 3.
19:58 of 3rd period - Bryan Little wins face-off versus Mika Zibanejad in neutral zone.
Goals for this period are 4 for Avalanche vs 0 for Canadiens.
Shots for this period are 13 for Avalanche vs 9 for Canadiens.
Output by the SimonT Hockey Simulator (STHS) for Francois Prevost